 Dungeon Crawl Stone Soup version 0.27-a0-1525-g1038ab4fd7 (webtiles) character file.

Game seed: 2094120204165745330

65448 Spaninq the Fencer (level 14, -4/193 HPs)
             Began as a Grey Draconian Berserker on July 10, 2021.
             Was a High Priest of Trog.
             Slain by a skeletal warrior (12 damage)
             ... led by a skeletal warrior
             ... on level 13 of the Dungeon.
             The game lasted 01:25:32 (24588 turns).

Spaninq the Fencer (Grey Draconian Berserker)      Turns: 24588, Time: 01:25:33

Health: -4/193     AC: 27    Str: 23    XL:     14   Next: 75%
Magic:  0/14       EV:  2    Int:  9    God:    Trog [*****.]
Gold:   2372       SH: 13    Dex: 11    Spells: 13/13 levels left

rFire    . . .     SeeInvis .   K - +6 demon blade
rCold    + + .     Faith    .   n - +1 kite shield
rNeg     + + +     Spirit   +   (armour unavailable)
rPois    +         Reflect  .   (helmet currently unavailable)
rElec    .         Harm     .   (cloak currently unavailable)
rCorr    .         Rampage  .   (gloves currently unavailable)
Will     +....     NoTele   +   (boots currently unavailable)
Stlth    +.........             m - amulet of guardian spirit
HPRegen  0.42/turn              F - ring of protection from cold
MPRegen  0.14/turn              y - ring of protection from cold

@: tree-form
A: stationary, stasis, torment immunity, boosted hp, AC +13, (amphibious),
unfitting armour, (cold-blooded)
a: Renounce Religion, Berserk, Trog's Hand, Brothers in Arms


You were on level 13 of the Dungeon.
You worshipped Trog.
Trog was extremely pleased with you.
You were a tree.
You visited 3 branches of the dungeon, and saw 20 of its levels.

You collected 2372 gold pieces.

Inventory:

Hand Weapons
 s - a +2 scimitar of flaming
 K - a +6 demon blade (weapon)
 L - a +1 antimagic double sword
Missiles
 a - a curare-tipped dart (quivered)
Armour
 n - a +1 kite shield (worn)
 t - a +0 pair of boots (melded)
 D - the +2 cloak of the Countless Knives (melded) {Stlth+}
   (You found it on level 2 of the Lair of Beasts)

   Stlth:     It makes you more stealthy.
 I - a +2 hat (melded)
Jewellery
 d - a ring of willpower
 h - a ring of fire
 j - a ring of resist corrosion
 m - an amulet of guardian spirit (around neck)
 o - a ring of see invisible
 p - a +4 ring of evasion
 u - a ring of ice
 w - a +4 ring of protection
 y - a ring of protection from cold (right branch)
 E - a ring of flight
 F - a ring of protection from cold (left branch)
Wands
 k - a wand of flame (22)
 B - a wand of mindburst (16)
 J - a wand of acid (3)
Scrolls
 b - a scroll of identify
 e - 4 scrolls of magic mapping
 z - a scroll of enchant armour
 H - a scroll of enchant weapon
Potions
 c - 5 potions of flight
 f - 2 potions of mutation
 g - 5 potions of curing
 i - a potion of invisibility
 l - 2 potions of might
 q - 4 potions of berserk rage
 r - a potion of haste
Miscellaneous
 A - a piece from Xom's chessboard (15/15)
 C - a phial of floods


   Skills:
 + Level 13.3 Fighting
 * Level 15.9 Long Blades
 + Level 11.5 Dodging
 + Level 11.4 Shields
 - Level 3.4 Evocations


You had 13 spell levels left.
You didn't know any spells.
Your spell library was empty.

Dungeon Overview and Level Annotations

Branches:
Dungeon (13/15)            Temple (0/1) D:7            Lair (5/6) D:8
 Shoals (0/4) Lair:2        Snake (0/4) Lair:3          Orc (2/2) D:10
    Elf (0/3) Orc:2
  Slime: Lair:5-6    Vaults: D:13-14

Altars:
Ashenzari
Dithmenos
Hepliaklqana
Kikubaaqudgha
Makhleb
Ru
Trog
Uskayaw
Beogh

Shops:
D:7 *   Orc:2 :[*(

Portals:
Ice
Cave: D:13


Innate Abilities, Weirdness & Mutations

You are a tree.
Your roots penetrate the ground, keeping you stationary.
You cannot be teleported.
You are immune to unholy pain and torment.
Your maximum health is greatly increased.
Your equipment is partially melded.
((Your dull iron-grey scales are very hard. (AC +13)))
((You are amphibious.))
You cannot fit into any form of body armour.
((You are cold-blooded and may be slowed by cold attacks.))


Message History

* * * LOW HITPOINT WARNING * * *
You feel much better.
The skeletal warrior hits you but does no damage. x2
The skeletal warrior completely misses you.
You feel better.
The skeletal warrior hits you from afar with a +0 trident!
* * * LOW HITPOINT WARNING * * *
The skeletal warrior hits you but does no damage.
The skeletal warrior hits you with a +0 battleaxe!!
* * * LOW HITPOINT WARNING * * *
You slash the skeletal warrior!
The skeletal warrior is lightly damaged.
The skeletal warrior hits you from afar with a +0 trident.
* * * LOW HITPOINT WARNING * * *
You block the skeletal warrior's attack.
You hit the skeletal warrior but do no damage.
The skeletal warrior hits you with a +0 battleaxe.
* * * LOW HITPOINT WARNING * * *
The skeletal warrior hits you but does no damage.
You barely miss the skeletal warrior.
The skeletal warrior is lightly damaged.
The skeletal warrior hits you but does no damage.
The skeletal warrior hits you with a +0 battleaxe!!
* * * LOW HITPOINT WARNING * * *
You hit the skeletal warrior.
The skeletal warrior is lightly damaged.
The skeletal warrior hits you from afar with a +0 trident!
* * * LOW HITPOINT WARNING * * *
You block the skeletal warrior's attack.
Magic courses through your body.
The skeletal warrior hits you with a +0 battleaxe!
* * * LOW HITPOINT WARNING * * *
You block the skeletal warrior's attack.
The skeletal warrior hits you with a +2 flail of protection!
* * * LOW HITPOINT WARNING * * *
Unknown command.
You feel better.
You block the skeletal warrior's attack. x2
The skeletal warrior hits you with a +2 flail of protection!
You die...

*,,....##* ###...........
*,,....≈.#* #####...........
*,,,....#≈#* ##...............
*,,,,#..≈#≈###......>.........
*,,,≈#...≈#.#........../......
**,,≈#...†.≈..................
**,≈#∩.......................
*,≈#####..#..............,,,
**≈≈≈≈≈..##♣z............,,,
*,.....####z.........#.,,**
*#.#####.z.z.......,,**,,,,
#,***#z.#.z.......,,**,*,*
*,*..zz*#.........,,**,*,,
*,*.##**#.........,,**,,,,
*,,,* #.........,,,,,,*, *,,**
##........*,,,,*,, **,**
*##.......,,,,,,,,


You could see 4 skeletal warriors.

Vanquished Creatures
  An orc warlord (Orc:1)
  Nessos (D:13)
  5 hydras
  3 boulder beetles
  3 centaur warriors
  A death knight (D:12)
  5 two-headed ogres
  Erica (D:9)
  5 orc high priests
  9 death yaks
  Urug (D:10)
  An orange crystal statue (Lair:2)
  5 orc knights
  An ugly thing (D:11)
  3 orc sorcerers
  5 elephants
  5 black mambas
  10 cane toads
  Maggie (D:6)
  3 rime drakes
  8 komodo dragons
  10 trolls
  2 polar bears
  7 blink frogs
  5 dream sheep (Lair:2)
  Sigmund (D:6)
  2 wraiths (D:12)
  9 wyverns
  A vampire (D:12)
  52 yaks
  2 spriggans (Lair:3)
  Eustachio (D:6)
  7 basilisks
  10 vampire mosquitoes
  3 nagas
  4 wargs
  Edmund (D:4)
  An acid dragon (D:11)
  13 water moccasins
  An ice beast (D:4)
  25 orc warriors
  4 black bears
  3 ogres
  A necrophage (D:6)
  4 centaurs
  18 wolves
  Blork the orc (D:4)
  A kobold brigand (D:8)
  3 gnoll sergeants
  21 bullfrogs
  2 scorpions
  A wyvern skeleton (D:7)
  10 killer bees
  6 electric eels
  A bullfrog zombie (D:6)
  4 centaur zombies
  2 hounds
  2 jellies
  A gnoll shaman (D:6)
  A centaur skeleton (D:7)
  9 orc priests
  5 iguanas
  18 orc wizards
  2 hell rats (D:8)
  A killer bee zombie (D:9)
  A hound skeleton (D:4)
  8 adders
  19 gnolls
  2 shadow imps
  2 white imps
  An adder skeleton (D:4)
  4 worms
  81 orcs
  5 endoplasms
  4 giant cockroaches
  6 goblins
  11 hobgoblins
  6 jackals
  11 kobolds
  6 quokkas
  5 ball pythons
  2 bats
  A frilled lizard (D:3)
  5 rats
535 creatures vanquished.

Vanquished Creatures (collateral kills)
  An orc warlord (Orc:2)
  An orc sorcerer (Orc:2)
  2 orc warriors
  An ogre (Orc:2)
  An orc (Orc:2)
6 creatures vanquished.

Vanquished Creatures (others)
  32 fungi
  72 plants
  A withered plant (D:1)
105 creatures vanquished.

Grand Total: 646 creatures vanquished

Notes
Turn   | Place    | Note
-------+----------+-------------------------------------------
     0 | D:1      | Spaninq the Draconian Berserker began the quest for the
                  | Orb.
     0 | D:1      | Reached XP level 1. HP: 19/19 MP: 1/1
   160 | D:1      | Found a faded altar of an unknown god.
   310 | D:1      | Reached XP level 2. HP: 21/26 MP: 2/2
  1066 | D:2      | You fall into a shaft and drop 2 floors!
  1075 | D:4      | Reached XP level 3. HP: 30/33 MP: 3/3
  1951 | D:3      | Reached ** piety under Trog
  2064 | D:3      | Reached skill level 4 in Long Blades
  2158 | D:3      | Reached XP level 4. HP: 40/40 MP: 4/4
  2172 | D:3      | Noticed a water moccasin
  2181 | D:3      | Killed a water moccasin
  2182 | D:3      | Reached XP level 5. HP: 36/47 MP: 5/5
  3020 | D:4      | Reached skill level 5 in Long Blades
  3335 | D:4      | Reached XP level 6. HP: 35/53 MP: 3/6
  3580 | D:4      | Noticed Blork the orc
  3585 | D:4      | Killed Blork the orc
  3747 | D:4      | Noticed Edmund
  3760 | D:4      | Killed Edmund
  3761 | D:4      | Reached skill level 5 in Fighting
  4010 | D:5      | Entered Level 5 of the Dungeon
  4018 | D:5      | Noticed an ice beast
  4031 | D:4      | Killed an ice beast
  4032 | D:4      | Reached skill level 6 in Long Blades
  4032 | D:4      | Your scales start taking on a dull iron-grey colour.
  4032 | D:4      | Reached XP level 7. HP: 61/61 MP: 4/7
  4704 | D:5      | Found a hide-covered altar of Uskayaw.
  4864 | D:5      | Found a faded altar of an unknown god.
  4865 | D:5      | Found a hazy altar of Hepliaklqana.
  5219 | D:6      | Found a burning altar of Makhleb.
  5236 | D:6      | Reached skill level 7 in Long Blades
  5252 | D:6      | Found a sacrificial altar of Ru.
  5269 | D:6      | Reached skill level 1 in Shields
  5269 | D:6      | Reached XP level 8. HP: 55/70 MP: 8/8
  5397 | D:6      | Reached skill level 5 in Dodging
  5814 | D:6      | Noticed Maggie
  5828 | D:6      | Killed Maggie
  6137 | D:6      | Reached skill level 8 in Long Blades
  6224 | D:6      | Found a broken altar of Ashenzari.
  6410 | D:6      | Noticed Eustachio
  6437 | D:6      | Killed Eustachio
  6615 | D:6      | Noticed Sigmund
  6625 | D:6      | Killed Sigmund
  6626 | D:6      | Reached XP level 9. HP: 79/79 MP: 9/9
  6748 | D:7      | Found a staircase to the Ecumenical Temple.
  6818 | D:7      | Found Okhuraahia's Assorted Antiques.
  7250 | D:7      | Reached *** piety under Trog
  7378 | D:7      | Reached skill level 9 in Long Blades
  7566 | D:8      | Noticed a death yak
  7566 | D:8      | Noticed a death yak
  7924 | D:8      | Noticed a two-headed ogre
  7951 | D:8      | Killed a two-headed ogre
  7953 | D:8      | Reached skill level 10 in Long Blades
  8005 | D:8      | Noticed a death yak
  8265 | D:8      | Reached XP level 10. HP: 88/88 MP: 10/10
  8270 | D:8      | Reached skill level 5 in Shields
  8616 | D:8      | Reached **** piety under Trog
  8968 | D:8      | Found a staircase to the Lair.
  9024 | D:8      | Killed a death yak
  9283 | D:8      | Killed a death yak
  9291 | D:8      | Killed a death yak
  9292 | D:8      | Reached skill level 11 in Long Blades
 10152 | D:9      | Noticed a centaur warrior
 10162 | D:9      | Killed a centaur warrior
 10346 | D:9      | Reached XP level 11. HP: 90/97 MP: 11/11
 10542 | D:9      | Found a shadowy altar of Dithmenos.
 10545 | D:9      | Noticed Erica
 10557 | D:9      | Killed Erica
 11082 | D:10     | Entered Level 10 of the Dungeon
 11133 | Lair:1   | Entered Level 1 of the Lair of Beasts
 11363 | Lair:1   | Reached skill level 12 in Long Blades
 11420 | Lair:1   | Noticed a six-headed hydra
 11454 | Lair:1   | Killed a one-headed hydra
 11663 | Lair:1   | Reached skill level 10 in Fighting
 11730 | Lair:1   | Noticed a four-headed hydra
 11743 | Lair:1   | Killed a one-headed hydra
 12671 | Lair:1   | Reached ***** piety under Trog
 12715 | Lair:2   | Noticed a boulder beetle
 12840 | Lair:2   | Reached XP level 12. HP: 107/107 MP: 12/12
 13002 | Lair:2   | Found a staircase to the Shoals.
 13051 | Lair:2   | Reached skill level 13 in Long Blades
 13774 | Lair:2   | Identified the +2 cloak of the Countless Knives {Stlth+}
 13887 | Lair:2   | Identified the +7 hand axe "Cetyus" {pain, Will+ Int+4}
 14078 | Lair:2   | Killed a boulder beetle
 14480 | Lair:3   | Found an ancient bone altar of Kikubaaqudgha.
 14837 | Lair:3   | Found a staircase to the Snake Pit.
 15594 | Lair:3   | Reached skill level 14 in Long Blades
 15702 | Lair:3   | You fall into a shaft and drop 2 floors!
 15929 | Lair:3   | Reached XP level 13. HP: 115/116 MP: 13/13
 16263 | Lair:4   | Reached skill level 10 in Dodging
 16839 | Lair:4   | Received a gift from Trog
 17392 | Lair:5   | Reached skill level 10 in Shields
 17704 | Lair:5   | Reached skill level 15 in Long Blades
 18554 | D:10     | Found a staircase to the Orcish Mines.
 19006 | D:10     | Reached ****** piety under Trog
 19080 | D:10     | Received a gift from Trog
 19120 | D:10     | Noticed Urug
 19142 | D:10     | Killed Urug
 19265 | D:10     | Reached skill level 1 in Evocations
 19311 | D:10     | Found a bloodstained altar of Trog.
 19336 | D:10     | Identified the +1 plate armour of the Quahog {rPois rN+++
                  | rCorr Str-5}
 19421 | Orc:1    | Entered Level 1 of the Orcish Mines
 19505 | Orc:1    | Noticed an orc warlord
 19556 | Orc:1    | Killed an orc warlord
 19557 | Orc:1    | Reached XP level 14. HP: 74/127 MP: 10/14
 20114 | Orc:2    | Entered Level 2 of the Orcish Mines
 20661 | Orc:2    | Received a gift from Trog
 21136 | Orc:2    | Found Mixunidi's Book Emporium.
 21229 | Orc:2    | Found Aniuqul's Antique Weapon Emporium.
 22222 | Orc:2    | Found Qor Hur's Antique Armour Emporium.
 22223 | Orc:2    | Noticed an orc warlord
 22242 | Orc:2    | Killed an orc warlord
 22455 | Orc:2    | Found a staircase to the Elven Halls.
 22673 | Orc:2    | Found Ekuomna's General Store.
 24479 | D:13     | Noticed Nessos
 24507 | D:13     | Killed Nessos
 24552 | D:13     | Found a frozen archway.
 24587 | D:13     | HP: 5/193 [skeletal warrior (6)]
 24587 | D:13     | HP: 2/193 [skeletal warrior[a skeletal warrior] (3)]
 24588 | D:13     | Slain by a skeletal warrior

Illustrated notes

Levels and vault maps discovered:
D:1:      dpeg_arrival_water_temple_mockup, layout_loops_ring,
          shapermc_ecumenical_altar_flowoftime, lemuel_old_faithful
D:2:      layout_basic
D:3:      layout_basic
D:4:      layout_loops_cross, minmay_misc_feat_room, corexii_corridor_pit,
          corexii_checkpoint_b, uniq_blork_the_orc, uniq_edmund
D:5:      layout_cave_pools, mainiacjoe_overflow_alcove_2,
          beargit_hepliaklqana_dungeon_heroes
D:6:      layout_gridville, mainiacjoe_overflow_alcove_1,
          gammafunk_temple_overflow_pools, uniq_sigmund, uniq_maggie,
          uniq_eustachio
D:7:      layout_basic, temple_pool_b, serial_shops, nicolae_square_shop,
          grunt_ministairs_8, solitary_fountain, minmay_misc_feat_pillars
D:8:      layout_basic, dpeg_lair_monsters, serial_bayou, serial_bayou_shore_b,
          serial_bayou_shore_a, serial_bayou_shore_b, serial_bayou_shore_b,
          minmay_misc_feat_cross
D:9:      layout_irregular_city, mainiacjoe_overflow_boulevard, uniq_erica
D:10:     layout_small_grid, lightli_temple_of_fire, hiddenorc2_lemuel,
          uniq_urug
D:11:     layout_loops_corners, hangedman_abyss_or_decor_lesser_grid,
          kennysheep_nub, minmay_strange_pillars
D:12:     minmay_general_purpose_star, layout_small_grid
D:13:     cheibrodos_elevator_heist, layout_rooms, portal_ice_cave_rime,
          special_room [special_room_orc], uniq_azrael, uniq_nessos
Lair:1:   cheibrodos_lair_river_kwai, layout_regular_city, serial_bayou_shore_b,
          grunt_megastairs_4
Lair:2:   statuecave_lemuel, layout_regular_city, shoals_dummy_entry,
          grunt_megastairs_5
Lair:3:   wad_woods_tower, layout_chaotic_city, guppyfry_snake_entry_island,
          basic_altar
Lair:4:   layout_roguey, wad_woods_river_03, beast_lair_carwin_2,
          grunt_megastairs_3
Lair:5:   layout_concentric_octagons, grunt_megastairs_1, lemuel_fruit_fields
Orc:1:    cheibrodos_orc_bank, layout_caves, minmay_orc_temple_a
Orc:2:    grunt_orc_gardens, layout_caves, grunt_orc_garden, grunt_orc_garden,
          grunt_orc_garden, grunt_orc_garden, nicolae_orc_bridge_out,
          bh_open_orc_temple

Skill      XL: |  1  2  3  4  5  6  7  8  9 10 11 12 13 14 |
---------------+-------------------------------------------+-----
Dodging        | 3 4 5 6 7 8 9 10 11 | 11.5
Long Blades    | 4 5 6 7 8 10 11 12 14 15 | 15.9
Fighting       | 4 5 6 7 8 9 10 11 12 13 | 13.3
Shields        | 1 3 4 6 7 9 10 11 | 11.4
Evocations     | 1 3 |  3.4

Action                   |  1- 3 |  4- 6 |  7- 9 | 10-12 | 13-15 || total
-------------------------+-------+-------+-------+-------+-------++-------
Melee: Falchion          |   103 |   103 |   142 |       |       ||   348
       Tailslap          |    13 |    15 |    48 |   143 |   179 ||   398
       Scimitar          |       |       |   160 |   759 |   461 ||  1380
       Demon blade       |       |       |       |       |   554 ||   554
Invok: Berserk           |       |     5 |     4 |     3 |     4 ||    16
       Trog's Hand       |       |     2 |     2 |     1 |       ||     5
       Brothers in Arms  |       |       |       |       |     2 ||     2
  Use: Scroll            |       |       |    12 |     4 |    10 ||    26
       Potion            |       |       |       |     4 |     9 ||    13
 Stab: Sleeping          |       |     1 |       |     1 |     5 ||     7
       Distracted        |       |       |       |       |     1 ||     1
Armor: Skin              |    47 |    24 |   107 |   188 |   202 ||   568
Dodge: Dodged            |    71 |    49 |   215 |   405 |   395 ||  1135
Block: Kite shield       |       |       |   131 |   397 |   526 ||  1054
       Rpst.: Falchion   |    20 |     7 |    29 |       |       ||    56
       Scimitar          |       |       |    29 |   111 |    38 ||   178
       Demon blade       |       |       |       |       |    44 ||    44

Table legend: (Time is in decaauts)
 A = Elapsed time spent in this place.
 B = Non-inter-level travel time spent in this place.
 C = Inter-level travel time spent in this place.
 D = Time resting spent in this place.
 E = Time spent auto-exploring this place.
 F = Levels seen in this place.
 G = Mean time per level.
                   A        B        C        D        E       F      G
               +--------+--------+--------+--------+--------+-----+--------+
         Total |  24527 |  23699 |    828 |   2883 |  15178 |  20 | 1226.3 |
       Dungeon |  14104 |  13568 |    536 |    876 |   9673 |  13 | 1084.9 |
          Lair |   7209 |   6986 |    223 |    729 |   4411 |   5 | 1441.8 |
  Orcish Mines |   3212 |   3144 |     68 |   1277 |   1094 |   2 | 1606.0 |
               +--------+--------+--------+--------+--------+-----+--------+

Top non-repeatable levels by time:
     D:8: 2503 daAuts
  Lair:2: 2410 daAuts
   Orc:1: 1833 daAuts
     D:6: 1817 daAuts
     D:4: 1596 daAuts
   Orc:2: 1379 daAuts
  Lair:3: 1340 daAuts
  Lair:1: 1219 daAuts
  Lair:5: 1157 daAuts
     D:3: 1152 daAuts
  Lair:4: 1082 daAuts
     D:9: 1062 daAuts
    D:10: 1049 daAuts
     D:1: 985 daAuts
    D:11: 969 daAuts
